 Dungeon Crawl Stone Soup version 0.25.1-2-g60ff931df9 (webtiles) character file.

Game seed: 1335602281625269110

32 raphialitos the Cutter (level 3, 0/21 HPs)
             Began as a Vampire Gladiator on Oct 8, 2020.
             Slain by a worm (8 damage)
             ... on level 2 of the Dungeon.
             The game lasted 00:03:09 (953 turns).

raphialitos the Cutter (Vampire Gladiator)           Turns: 953, Time: 00:03:10

Health: 0/21       AC:  5    Str: 14    XL:     3   Next: 8%
Magic:  3/3        EV: 13    Int: 10    God:
Gold:   25         SH:  0    Dex: 15    Spells: 2/2 levels left

rFire    . . .     SeeInvis +   a - +0 rapier
rCold    + + +     Gourm    .   (no shield)
rNeg     + + +     Faith    .   b - +1 leather armour
rPois    ∞         Spirit   .   c - +0 helmet
rElec    .         Reflect  .   (no cloak)
rCorr    .         Harm     .   (no gloves)
MR       .....                  (no boots)
Stlth    ++++......             (no amulet)
HPRegen  0.00/turn              k - ring of protection from cold
MPRegen  0.08/turn              (no ring)

@: bloodless
A: no food, fangs 3, see invisible, unbreathing
a: Bat Form, Revivify


You were on level 2 of the Dungeon.
You were bloodless.

You visited 1 branch of the dungeon, and saw 2 of its levels.

You collected 25 gold pieces.

Inventory:

Hand Weapons
 a - a +0 rapier (weapon)
Missiles
 d - 3 throwing nets (quivered)
 e - 59 bolts
 i - 22 sling bullets
Armour
 b - a +1 leather armour (worn)
 c - a +0 helmet (worn)
Jewellery
 k - a ring of protection from cold (left hand)
Scrolls
 f - a scroll of identify
Potions
 g - a potion of stabbing
 h - a potion of flight {unknown}


   Skills:
 + Level 1.9 Fighting
 + Level 4.0 Short Blades
 + Level 1.5 Throwing
 + Level 0.2 Armour
 + Level 3.5 Dodging
 + Level 1.9 Stealth


You had 2 spell levels left.
You didn't know any spells.
Your spell library was empty.

Dungeon Overview and Level Annotations

Branches:
Dungeon (2/15)

Altars:


Innate Abilities, Weirdness & Mutations

You do not eat.
You do not regenerate when monsters are visible.
You are frail without blood (-20% HP).
You can heal yourself when you bite living creatures.
You are immune to poison.
You have razor-sharp teeth.
You have supernaturally acute eyesight. (SInv)
You can survive without breathing.


Message History

The worm is moderately wounded.
You hit the worm.
The worm is moderately wounded.
The worm bites you!
You barely miss the worm.
The worm is moderately wounded.
You puncture the worm!
The worm is severely wounded.
The worm barely misses you.
You barely miss the worm.
The worm is severely wounded.
The worm bites you.
You hit the worm but do no damage. You bite the worm.
The worm is almost dead.
You hit the worm but do no damage.
The worm is almost dead.
You hit the worm.
The worm is almost dead.
The worm bites you!
You die...

.... ###
..<.##########+##...
..................#
...(....†...(....#
###..............##########
.....%...........##.......#
.................##.#####.##
.................##.# #...
.$%.......w@.....##.#######.
...............?........# #.
..................#.###.###.
.....##+#+#######.#.#....†..
.?... ..#....##### ###
..>###...#... .......##.#.##
.#....#....#.#.
#.........#...#.


You could see a worm.

Vanquished Creatures
  An adder (D:2)
  A dart slug (D:1)
  A leopard gecko (D:1)
  2 giant cockroaches (D:1)
  4 goblins (D:1)
  2 hobgoblins (D:1)
  3 bats (D:1)
  2 kobolds (D:1)
  3 rats
19 creatures vanquished.

Notes
Turn   | Place    | Note
-------+----------+-------------------------------------------
     0 | D:1      | raphialitos the Vampire Gladiator began the quest for the
                  | Orb.
     0 | D:1      | Reached XP level 1. HP: 16/16 MP: 1/1
   313 | D:1      | Reached skill level 1 in Stealth
   325 | D:1      | Reached XP level 2. HP: 15/17 MP: 2/2
   905 | D:2      | Reached skill level 4 in Short Blades
   905 | D:2      | Reached XP level 3. HP: 21/21 MP: 3/3
   953 | D:2      | Slain by a worm

Illustrated notes

Levels and vault maps discovered:
D:1:      dpeg_arrival_simpleton_b, layout_basic
D:2:      layout_basic, grunt_qazlal_clouds, first_ration, uniq_natasha

Skill      XL: |  1  2 |
---------------+-------+-----
Stealth        | 1 |  1.9
Short Blades   | 4 |  4.0
Fighting       | |  1.9
Throwing       | |  1.5
Armour         | |  0.2
Dodging        | |  3.5

Action                   || total
-------------------------++-------
Melee: Rapier            ||    53
       Bite              ||     4
 Abil: Exsanguinate      ||     1
  Use: Scroll            ||     3
 Stab: Sleeping          ||    10
Armor: Leather armour    ||     9
Dodge: Dodged            ||    33
